 Dungeon Crawl Stone Soup version 0.31-a0-1300-gb6740aa4e6 (webtiles) character file.

Game seed: 7063709086624677021

16 avis the Scratcher (level 2, 16/16 HPs)
             Began as a Felid Shapeshifter on Dec 18, 2023.
             Got out of the dungeon alive.
             The game lasted 00:03:07 (969 turns).

avis the Scratcher (Felid Shapeshifter)              Turns: 969, Time: 00:03:08

Health: 16/16      AC:  5    Str: 10    XL:     2   Next: 37%
Magic:  12/12      EV: 17    Int: 13    God:
Gold:   20         SH:  0    Dex: 15    Spells: 1/1 levels left
                                        Lives:  0   Deaths: 1

rFire   . .          .
                       - Unarmed
rCold   . . .        (shield unavailable)
rNeg    + + .        (body armour unavailable)
rPois   .            (helmet unavailable)
rElec   .            (cloak unavailable)
rCorr   +            (gloves unavailable)
SInv    +            (boots unavailable)
Will    .....        (no amulet)
Stlth   +            h - ring of magical power
HPRegen 0.22/turn    j - ring "Pausihi" {Fly rN++ Will- rCorr AC+4}
MPRegen 0.13/turn

%: no passive effects
@: beast-form, flying
A: beast (slay +1), very small, claws 1, fangs 3, see invisible, shaggy fur 1,
stealthy paws, no weapons or thrown items, no armour, multi-lived
a: Begin Untransformation


You escaped.
You were a hulking beast.
You visited 1 branch of the dungeon, and saw 2 of its levels.

You collected 20 gold pieces.

Inventory:

Jewellery
 h - a ring of magical power (left paw)
 j - the ring "Pausihi" (right paw) {Fly rN++ Will- rCorr AC+4}
   (You found it on level 2 of the Dungeon)

   [ring of protection]

   AC+4:      It affects your AC (+4).
   rN++:      It greatly protects you from negative energy.
   Will-:     It decreases your willpower.
   Fly:       It grants you flight.
   rCorr:     It protects you from acid and corrosion.
Talismans
 b - a beast talisman
 c - a flux talisman
Scrolls
 e - a scroll of enchant armour {unknown}
Potions
 d - a potion of degeneration {unknown}
 f - a potion of curing {unknown}
 g - a potion of ambrosia {unknown}
 i - a potion of mutation {unknown}


   Skills:
 * Level 2.4 Fighting
 - Level 2.6 Dodging
 - Level 3.0 Unarmed Combat
 - Level 2.6 Shapeshifting


You had one spell level left.
You didn't know any spells.
Your spell library was empty.

Dungeon Overview and Level Annotations

Branches:
Dungeon (2/15)

Altars:

Annotations:
D:1 Natasha


Innate Abilities, Weirdness & Mutations

You are a hulking beast.
Your limbs bulge with bestial killing power. (Slay +1)
You have sharp claws.
You have razor-sharp teeth.
You have supernaturally acute eyesight. (SInv)
You are covered in fur. (AC +1)
Your paws help you pounce on unaware monsters.
You are incapable of wielding weapons or throwing items.
You cannot wear armour.
You gain extra lives every three experience levels.


Message History

You see here a +0 short sword.
j - the ring "Pausihi" {Fly rN++ Will- rCorr AC+4} You fly up into the air.
j - the ring "Pausihi" (right paw) {Fly rN++ Will- rCorr AC+4} Natasha, Servant of Life and Death comes into view.
Natasha hisses angrily.
Natasha stares at you and mumbles some strange words.
The magic dart hits you!
A dart slug comes into view.
Natasha stares at you and mumbles some strange words.
The magic dart hits you.
* * * LOW HITPOINT WARNING * * *
Natasha mumbles some strange words.
There is a stone staircase leading up here.
Natasha claws you but does no damage.
The cerulean imp hits you from afar with a +1 spear.
* * * LOW HITPOINT WARNING * * *
You fly upwards.
The cerulean imp disappears in a puff of smoke!
There is a stone staircase leading down here.
Your transformation has ended.
You turn into a tree.
Your roots penetrate the ground.
Natasha claws you.
You die...
Your shape twists and changes as you die.
You feel less wooden.
You turn into a hulking beast.
You rejoin the land of the living...
There is a stone staircase leading down here.
You fly downwards.
The goblin shouts!
There is a stone staircase leading up here.
The goblin hits you but does no damage.
You claw the goblin!
You kill the goblin!
There is a stone staircase leading up here.
You fly upwards.
Level annotation: Natasha
There is a stone staircase leading down here.
There is a staircase leading out of the dungeon here.
You have escaped!

...# ##.................. ...#
##...............>... ...#
#.....#.............. ...#
#...#..#......#...... ...#
######..#.#..#####.#.....# ...###
#......#...#.......#..##.# .....#
#.#####.....#####..#...#.# .....#
#..#...........#...#...#.# .....#
##..#....h....#..#.#...#.# ######
##..#.........#..#.#...#.#
#..#...........#...#...#.#
#.#####.....#####........#
##......#...#......##.#####
#######..####..#.#...............
.............#..#..#.#...##.#####
###########...#...##.#.#.##.#....
#.#########..........#.#.##.#.###


There were no monsters in sight!

Vanquished Creatures
  An endoplasm (D:1)
  2 goblins
  2 hobgoblins (D:1)
  A quokka (D:1)
  2 ball pythons (D:1)
  2 bats (D:1)
  2 frilled lizards (D:1)
  A kobold (D:2)
  3 rats (D:1)
16 creatures vanquished.

Notes
Turn   | Place    | Note
-------+----------+-------------------------------------------
     0 | D:1      | avis the Felid Shapeshifter began the quest for the Orb.
     0 | D:1      | Reached XP level 1. HP: 10/10 MP: 2/2
   216 | D:1      | Found a faded altar of an unknown god.
   520 | D:1      | Reached XP level 2. HP: 15/15 MP: 3/3
   925 | D:2      | Identified the ring "Pausihi" {Fly rN++ Will- rCorr AC+4}
   929 | D:2      | Noticed Natasha
   938 | D:1      | Slain by Natasha
   969 | D:$      | Got out of the dungeon alive.

Illustrated notes

Levels and vault maps discovered:
D:1:      scummos_arrival_star, layout_basic, ebering_ecumenical_altar_box
D:2:      layout_basic, uniq_terence, uniq_natasha

Skill      XL: |  1 |
---------------+----+-----
Fighting       | 2 |  2.4
Dodging        | |  2.6
Unarmed Combat | |  3.0
Shapeshifting  | |  2.6

Action                     || total
---------------------------++-------
  Melee: Unarmed           ||    33
         Bite              ||     2
    Use: Potion            ||     1
   Stab: Sleeping          ||     3
 Armour: Skin              ||    12
  Dodge: Dodged            ||    17

Table legend: (Time is in decaauts)
 A = Elapsed time spent in this place.
 B = Non-inter-level travel time spent in this place.
 C = Inter-level travel time spent in this place.
 D = Time resting spent in this place.
 E = Time spent auto-exploring this place.
 F = Levels seen in this place.
 G = Mean time per level.
                   A        B        C        D        E       F      G
               +--------+--------+--------+--------+--------+-----+--------+
         Total |    967 |    917 |     50 |      4 |    738 |   2 |  483.5 |
       Dungeon |    967 |    917 |     50 |      4 |    738 |   2 |  483.5 |
               +--------+--------+--------+--------+--------+-----+--------+

Top non-repeatable levels by time:
     D:1: 937 daAuts
     D:2: 29 daAuts
